 Dungeon Crawl Stone Soup version 0.23-a0-844-gdc03e01 (webtiles) character file.

19359 tilp the Severer (level 12, -5/92 HPs)
             Began as a Demonspawn Abyssal Knight on Jan 26, 2019.
             Was a High Priest of Lugonu.
             Slain by an ice devil (9 damage)
             ... summoned by an orc sorcerer
             ... on level 2 of the Orcish Mines.
             The game lasted 00:59:03 (21058 turns).

tilp the Severer (Demonspawn Abyssal Knight)       Turns: 21058, Time: 00:59:04

Health: -5/92      AC: 24    Str: 17    XL:     12   Next: 35%
Magic:  14/14      EV:  5    Int: 13    God:    Lugonu [*****.]
Gold:   1185       SH:  0    Dex: 14    Spells: 11/11 levels left

rFire    . . .     SeeInvis +   a - +1 war axe
rCold    . . .     Gourm    .   (no shield)
rNeg     . . .     Faith    .   P - +1 plate armour {MR+}
rPois    .         Spirit   .   (helmet restricted)
rElec    +         Reflect  .   G - +2 cloak
rCorr    .         Harm     .   I - +1 pair of gloves
MR       +....                  (no boots)
Stlth    ..........             V - amulet "Iroob" {+Rage rElec}
HPRegen  0.25/turn              B - ring of see invisible
MPRegen  0.14/turn              K - +4 ring of protection

@: drained
A: antennae 2, iridescent scales 2, demonic guardian 1
a: Depart the Abyss, Bend Space, Banish, Corrupt, Enter the Abyss, Renounce
Religion, Evoke Berserk Rage


You were on level 2 of the Orcish Mines.
You worshipped Lugonu.
Lugonu was extremely pleased with you.
You were not hungry.

You visited 2 branches of the dungeon, and saw 15 of its levels.
You visited the Abyss 2 times.

You collected 1435 gold pieces.
You spent 250 gold pieces at shops.

Inventory:

Hand Weapons
 a - a +1 war axe (weapon)
 b - a +0 blowgun
Missiles
 e - 5 needles of confusion
 j - 2 tomahawks of dispersal
 p - 38 poisoned needles
 C - 2 throwing nets
 U - 14 tomahawks (quivered)
Armour
 g - a +0 large shield
 G - a +2 cloak (worn)
 H - a +0 helmet
 I - a +1 pair of gloves (worn)
 P - a +1 plate armour of magic resistance (worn)
Jewellery
 o - an uncursed ring of ice
 B - a ring of see invisible (left hand)
 K - a +4 ring of protection (right hand)
 Q - an uncursed ring of flight
 R - an uncursed ring of stealth
 S - an uncursed ring of protection from cold
 V - the amulet "Iroob" (around neck) {+Rage rElec}
   (You found it on level 10 of the Dungeon)

   [amulet of rage]

   It insulates you from electricity.
   It lets you go berserk.
Wands
 k - a wand of iceblast (11)
 r - a wand of flame (28)
 O - a wand of polymorph (3)
Scrolls
 d - 3 scrolls of identify
 f - 6 scrolls of teleportation
 i - 2 scrolls of remove curse
 l - a scroll of amnesia {unknown}
 n - 4 scrolls of fog
 t - 2 scrolls of immolation
 v - a scroll of magic mapping {unknown}
 y - a scroll of noise {unknown}
 A - a scroll of fear {unknown}
 D - a scroll of blinking {unknown}
 F - a scroll of brand weapon {unknown}
 M - a scroll of random uselessness {unknown}
 N - a scroll of vulnerability {unknown}
 T - a scroll of enchant weapon {unknown}
Potions
 h - 5 potions of curing
 q - a potion of resistance
 s - 2 potions of haste
 w - 2 potions of heal wounds
 x - a potion of mutation
 E - 3 potions of lignification
Miscellaneous
 W - a phial of floods (inert)
Comestibles
 c - 22 rations
 m - 4 chunks of flesh


   Skills:
 - Level 8.0(7.3) Fighting
 + Level 16.4(15.5) Axes
 - Level 2.2(1.6) Armour
 - Level 1.6(1.0) Dodging
 - Level 3.3(2.6) Invocations


You had 11 spell levels left.
You didn't know any spells.
Your spell library was empty.

Dungeon Overview and Level Annotations

Branches:
Dungeon (13/15)            Temple (0/1) D:7            Lair (0/6) D:9
    Orc (2/2) D:9             Elf (0/3) Orc:2
 Vaults: D:13-14

Altars:
Ashenzari
Elyvilon
Hepliaklqana
Kikubaaqudgha
Makhleb
Nemelex Xobeh
Okawaru
Qazlal
Ru
Trog
Uskayaw
Vehumet
Wu Jian
Xom

Shops:
D:6 (   D:9 !   Orc:1 !

Annotations:
D:9 2+ death yaks in central vault


Innate Abilities, Weirdness & Mutations

You have a pair of antennae on your head.
You are mostly covered in iridescent scales. (AC +4)
A weak demonic guardian rushes to your aid.


Message History

The orc sorcerer hits you but does no damage.
The ice devil hits you but does no damage.
The red devil hits you from afar with a +1 demon trident of flaming!
* * * LOW HITPOINT WARNING * * *
The red devil burns you.
* * * LOW HITPOINT WARNING * * *
Your white imp gestures at the red devil.
The puff of frost hits the red devil but does no damage.
The orc sorcerer hits you with a +0 dagger.
* * * LOW HITPOINT WARNING * * *
The ogre hits you with a +0 giant club.
* * * LOW HITPOINT WARNING * * *
The ice devil hits you but does no damage.
You can move again.
You fail to use your ability.
Your white imp gestures at the red devil.
The puff of frost hits the red devil.
The red devil is frozen!
The red devil hits you but does no damage.
The orc sorcerer barely misses you. The ice devil hits you!
You die...

.. .# #.. ..###.. .......
.......### .........##
......4...# ......5o.#
.......@4## .......O..###
......#..#>...##
......................##
.....................#.##
........................##
.......................#.##
..........................#
............#............##


You could see an ice devil, an orc sorcerer, a red devil, an ogre and a friendly
white imp.

Vanquished Creatures
  A hydra (D:11)
  Erolcha (D:10)
  2 orc high priests (Orc:2)
  An orc sorcerer (Orc:2)
  3 orc knights
  Psyche (D:12)
  Maurice (D:8)
  3 trolls
  3 hippogriffs
  A hornet (D:9)
  2 wyverns
  A shadow (D:11)
  9 yaks
  2 hungry ghosts
  2 vampire mosquitoes
  9 wargs
  A soldier ant (D:9)
  A water moccasin (D:11)
  4 sky beasts
  A hornet zombie (D:7)
  2 ice beasts
  13 orc warriors
  2 phantoms
  2 black bears
  10 ogres
  A crocodile (D:8)
  11 bullfrogs
  A big kobold (D:11)
  A wyvern zombie (D:10)
  2 gnoll sergeants
  A scorpion (D:10)
  19 wights
  11 crimson imps
  3 quasits
  4 bullfrog skeletons
  Crazy Yiuf (D:7)
  19 orc priests
  10 hounds
  5 jellies
  7 iguanas
  15 orc wizards
  13 worker ants
  A killer bee zombie (D:8)
  3 hound skeletons
  4 worker ant zombies
  12 gnolls
  13 adders
  2 shadow imps
  3 white imps (D:9)
  2 oozes
  3 adder zombies
  An adder skeleton (D:8)
  4 dart slugs
  4 leopard geckos
  69 orcs
  2 bats
  3 giant cockroaches
  7 goblins
  7 hobgoblins
  5 jackals
  5 quokkas
  A ball python (D:2)
  3 frilled lizards
  13 kobolds
  A quokka skeleton (D:8)
  5 rats
375 creatures vanquished.

Vanquished Creatures (collateral kills)
  A two-headed ogre (D:10)
  2 orc high priests (Orc:2)
  A troll (D:12)
  A yak (D:11)
  2 hungry ghosts
  A soldier ant (D:9)
  An orc warrior (D:9)
  2 big kobolds
  Blork the orc (D:4)
  2 wights (D:7)
  A howler monkey (D:5)
  A crimson imp (D:3)
  A jelly (D:5)
  2 orc priests
  Ijyb (D:5)
  An orc wizard (D:7)
  A hound skeleton (D:5)
  An adder (D:4)
  An adder zombie (D:5)
  6 orcs
  2 giant cockroaches
  A kobold (D:8)
33 creatures vanquished.

Vanquished Creatures (others)
  An acid dragon (D:9)
  2 orc warriors
3 creatures vanquished.

Grand Total: 411 creatures vanquished

Notes
Turn   | Place    | Note
-------+----------+-------------------------------------------
     0 | Abyss:1  | tilp the Demonspawn Abyssal Knight began the quest for the
                  | Orb.
     0 | Abyss:1  | Reached XP level 1. HP: 18/18 MP: 2/2
    78 | Abyss:1  | Noticed a starcursed mass
    89 | Abyss:1  | Noticed a large abomination
    90 | D:1      | Escaped the Abyss
   235 | D:1      | Reached skill level 1 in Dodging
   249 | D:1      | Gained mutation: A weak demonic guardian rushes to your
                  | aid. [demonic ancestry]
   249 | D:1      | Reached XP level 2. HP: 4/24 MP: 4/4
   641 | D:1      | Reached skill level 2 in Axes
   864 | D:1      | Reached * piety under Lugonu
  1127 | D:1      | Reached XP level 3. HP: 29/29 MP: 5/5
  2338 | D:3      | Reached XP level 4. HP: 34/35 MP: 6/6
  2736 | D:3      | Found a radiant altar of Vehumet.
  2736 | D:3      | Found a burning altar of Makhleb.
  2761 | D:3      | Reached skill level 3 in Axes
  3138 | D:3      | Found a bloodstained altar of Trog.
  3632 | D:4      | Reached XP level 5. HP: 37/41 MP: 7/7
  3664 | D:4      | Noticed Blork the orc
  3671 | D:4      | Killed Blork the orc
  3671 | D:4      | Reached ** piety under Lugonu
  3671 | D:4      | Reached skill level 4 in Axes
  4281 | D:4      | Reached XP level 6. HP: 30/47 MP: 8/8
  4603 | D:5      | Entered Level 5 of the Dungeon
  4608 | D:5      | Reached skill level 5 in Axes
  4654 | D:5      | Noticed Ijyb
  5034 | D:5      | Reached skill level 6 in Axes
  5098 | D:5      | Killed Ijyb
  5098 | D:5      | Gained mutation: You are partially covered in iridescent
                  | scales. (AC +2) [demonic ancestry]
  5098 | D:5      | Reached XP level 7. HP: 41/52 MP: 9/9
  5465 | D:5      | Reached skill level 7 in Axes
  5749 | D:5      | Found a sacrificial altar of Ru.
  6200 | D:5      | Reached skill level 8 in Axes
  6402 | D:6      | Reached XP level 8. HP: 55/58 MP: 10/10
  6442 | D:6      | Found an ancient bone altar of Kikubaaqudgha.
  6632 | D:6      | Found a shimmering altar of Xom.
  6634 | D:6      | Found an iron altar of Okawaru.
  6651 | D:6      | Found Wyifok's Weapon Shoppe.
  6883 | D:6      | Reached skill level 9 in Axes
  6902 | D:6      | Found a white marble altar of Elyvilon.
  7057 | D:6      | Found a stormy altar of Qazlal.
  7084 | D:7      | Found a staircase to the Ecumenical Temple.
  7113 | D:7      | Reached *** piety under Lugonu
  7151 | D:7      | Found a runed door.
  7631 | D:7      | Reached skill level 10 in Axes
  8157 | D:7      | Gained mutation: You have a pair of small antennae on your
                  | head. [demonic ancestry]
  8157 | D:7      | Reached XP level 9. HP: 51/64 MP: 11/11
  8169 | D:7      | Found an ornate altar of the Wu Jian Council.
  8537 | D:7      | Found a hide-covered altar of Uskayaw.
  8818 | D:7      | Found a sparkling altar of Nemelex Xobeh.
  8852 | D:7      | Reached skill level 11 in Axes
  9097 | D:7      | Noticed Crazy Yiuf
  9104 | D:7      | Killed Crazy Yiuf
  9662 | D:8      | Noticed Maurice
  9690 | D:8      | Killed Maurice
 10087 | D:8      | Reached skill level 12 in Axes
 10198 | D:9      | Noticed a death yak
 10198 | D:9      | Noticed a death yak
 10198 | D:9      | Noticed a death yak
 10250 | D:8      | Reached **** piety under Lugonu
 10662 | D:9      | Found a hazy altar of Hepliaklqana.
 10682 | D:9      | Reached XP level 10. HP: 67/70 MP: 12/12
 10750 | D:9      | Found a staircase to the Orcish Mines.
 11119 | D:9      | Paralysed by a hornet for 2 turns
 11124 | D:9      | Paralysed by a hornet for 3 turns
 11144 | D:9      | Reached skill level 13 in Axes
 11876 | D:9      | Found Heh Weurio's Distillery.
 11882 | D:9      | Bought a potion of heal wounds for 80 gold pieces
 12343 | D:9      | Found a staircase to the Lair.
 12420 | D:10     | Entered Level 10 of the Dungeon
 13079 | D:10     | Noticed Erolcha
 13122 | D:10     | Cast into level 1 of the Abyss (Erolcha)
 13148 | Abyss:1  | Found a blossoming altar of Fedhas.
 13160 | D:10     | Escaped the Abyss
 13171 | D:10     | Killed Erolcha
 13171 | D:10     | Reached skill level 14 in Axes
 14165 | D:10     | Noticed a two-headed ogre
 14178 | D:10     | Killed a two-headed ogre
 14178 | D:10     | Gained mutation: You have a pair of antennae on your head.
                  | [demonic ancestry]
 14178 | D:10     | Reached XP level 11. HP: 75/75 MP: 13/13
 14266 | D:10     | Got a glittering ruby amulet
 14453 | D:11     | Noticed a seven-headed hydra
 14496 | D:11     | Killed a seven-headed hydra
 14496 | D:11     | Reached skill level 15 in Axes
 14679 | D:11     | Identified the amulet "Iroob" {+Rage rElec} (You found it
                  | on level 10 of the Dungeon)
 15197 | D:11     | You fall through a shaft for 2 floors!
 15197 | D:13     | Noticed a two-headed ogre
 15405 | D:12     | Noticed Psyche
 15428 | D:12     | Killed Psyche
 16342 | D:11     | Reached skill level 16 in Axes
 16342 | D:11     | Reached ***** piety under Lugonu
 16785 | D:12     | Found a shattered altar of Ashenzari.
 16835 | D:12     | Noticed a four-headed hydra
 17118 | D:11     | HP: 5/175 [vampire mosquito (5)]
 17525 | Orc:1    | Entered Level 1 of the Orcish Mines
 17542 | Orc:1    | Found Pusmyru's Distillery.
 17542 | Orc:1    | Noticed an orc knight
 17555 | Orc:1    | Noticed an orc knight
 17704 | D:9      | Killed an orc knight
 17704 | D:9      | Reached skill level 5 in Fighting
 18259 | D:9      | Killed an orc knight
 18852 | Orc:1    | Bought a potion of heal wounds for 85 gold pieces
 18852 | Orc:1    | Bought a potion of heal wounds for 85 gold pieces
 18864 | Orc:1    | You fall through a shaft!
 18864 | Orc:2    | Entered Level 2 of the Orcish Mines
 18873 | Orc:2    | Noticed an orc knight
 18875 | Orc:2    | Noticed an orc sorcerer
 18906 | Orc:2    | Killed an orc sorcerer
 18921 | Orc:2    | Killed an orc knight
 18921 | Orc:2    | Gained mutation: You are mostly covered in iridescent
                  | scales. (AC +4) [demonic ancestry]
 18921 | Orc:2    | Reached XP level 12. HP: 51/88 MP: 14/14
 19843 | Orc:2    | Noticed an orc high priest
 19855 | Orc:2    | Killed an orc high priest
 20061 | Orc:2    | Noticed an orc high priest
 20107 | Orc:2    | Killed an orc high priest
 20127 | Orc:2    | Noticed an orc high priest
 20493 | Orc:2    | Killed an orc high priest
 20664 | Orc:2    | Noticed an orc high priest
 20702 | Orc:2    | HP: 2/92 [sun demon[an orc high priest] (10)]
 20709 | Orc:2    | Killed an orc high priest
 21013 | Orc:2    | Found a staircase to the Elven Halls.
 21054 | Orc:2    | Paralysed by an orc sorcerer for 4 turns
 21057 | Orc:2    | HP: 4/92 [ogre/+0 giant club (3)]
 21058 | Orc:2    | Slain by an ice devil

Vault maps used:
D:1:      saegor_arrival_fortress
D:3:      grunt_temple_overflow_lords_of_destruction, bloody_trog, first_ration
D:4:      uniq_blork_the_orc
D:5:      hangedman_ru_absence, uniq_ijyb
D:6:      kennysheep_mini, chequers_temple_overflow_statue_of_worship,
          lemuel_doored_altar, overflow_temple_1_default, serial_shops, shop,
          kennysheep_generic_room_5
D:7:      marbit_many_paths, old_standard_altar,
          nemelex_xobeh_ov_fountains_minmay, minmay_temple_entry_slanted,
          uniq_crazy_yiuf_cottage
D:8:      uniq_maurice
D:9:      wad_arrow_thing, lemuel_round_altar, dpeg_lair_monsters, orc_0_dummy,
          serial_shops, nicolae_shop_trees, hangedman_pestilent_swarm,
          minmay_misc_feat_ornament, minmay_nine_imps
D:10:     hex_tiny, grunt_ministairs_13, corexii_checkpoint_a, uniq_erolcha
D:12:     basic_altar, uniq_psyche
D:13:     ximxim_vaults_locker_room, uniq_sonja, uniq_kirke
Orc:1:    serial_shops, nicolae_shop_trees, enter_volcano_2
Orc:2:    st_orc_town, nicolae_orc_lava_room
Abyss:1:  evilmike_abyss_exit_17

Skill      XL: |  1  2  3  4  5  6  7  8  9 10 11 12 |
---------------+-------------------------------------+-----
Dodging        | 1 |  1.6
Armour         | 2 |  2.2
Axes           | 2 3 4 6 8 10 12 14 16 | 16.4
Invocations    | 3 |  3.3
Fighting       | 6 8 |  8.0

Action                   |  1- 3 |  4- 6 |  7- 9 | 10-12 || total
-------------------------+-------+-------+-------+-------++-------
Melee: Hand axe          |   148 |   171 |   622 |   361 ||  1302
       War axe           |       |       |       |   732 ||   732
 Fire: Blowgun           |       |       |    20 |     7 ||    27
Throw: Stone             |       |       |     9 |     2 ||    11
Invok: Depart the Abyss  |     1 |       |       |     1 ||     2
       Bend Space        |       |       |     4 |     5 ||     9
       Banish            |       |       |     1 |     3 ||     4
 Abil: Evoke Berserk Rag |       |       |       |     3 ||     3
Evoke: Wand              |       |    12 |    13 |    20 ||    45
       Phial of floods   |       |       |       |     1 ||     1
  Use: Scroll            |     2 |       |    11 |     4 ||    17
       Potion            |       |     1 |     4 |     5 ||    10
 Stab: Sleeping          |     1 |     1 |       |       ||     2
       Distracted        |       |     3 |     4 |     3 ||    10
  Eat: Chunk             |     5 |     8 |    16 |    29 ||    58
       Ration            |       |       |     6 |     2 ||     8
Armor: Leather armour    |    42 |     1 |       |       ||    43
       Scale mail        |       |    29 |       |       ||    29
       Chain mail        |       |    74 |   340 |   171 ||   585
       Plate armour      |       |       |       |   516 ||   516
       Skin              |       |       |       |     5 ||     5
Dodge: Dodged            |    96 |    69 |   172 |   224 ||   561

Table legend:
 A = Non-vault XP
 B = Vault XP
 C = Vault XP percentage of total XP
 D = Non-vault monster count
 E = Vault monster count
 F = Vault count percentage of total count
                 A         B        C        D         E       F
            +---------+---------+-------+---------+---------+-------
      Total |   18162 |    9494 |  34.3 |     325 |      86 |  20.9
            +---------+---------+-------+---------+---------+-------
        D:1 |      52 |      12 |  18.8 |      24 |       2 |   7.7
        D:2 |      25 |       0 |   0.0 |       9 |       0 |   0.0
        D:3 |      53 |      25 |  32.1 |      16 |       1 |   5.9
        D:4 |     267 |      71 |  21.0 |      10 |       1 |   9.1
        D:5 |     707 |      37 |   5.0 |      31 |       1 |   3.1
        D:6 |     692 |       3 |   0.4 |      16 |       1 |   5.9
        D:7 |    1442 |      87 |   5.7 |      31 |       2 |   6.1
        D:8 |    1242 |     293 |  19.1 |      27 |       1 |   3.6
        D:9 |    2519 |    1659 |  39.7 |      34 |      23 |  40.4
       D:10 |    2196 |    1498 |  40.6 |      26 |       4 |  13.3
       D:11 |    4352 |    1064 |  19.6 |      32 |      24 |  42.9
       D:12 |    1691 |     362 |  17.6 |      27 |       1 |   3.6
      Orc:1 |     862 |       0 |   0.0 |      21 |       0 |   0.0
      Orc:2 |    2062 |    4383 |  68.0 |      21 |      25 |  54.3
            +---------+---------+-------+---------+---------+-------
